3AA
RICHLAND RAILS @ FT. POLK SOUTH THUNDER HAWKS
05/11/2034
 
TOP OF THE 1ST
Richland Rails batting - Pitching for Ft. Polk South Thunder Hawks : RHP Ratko Davidovic
Pitching: RHP Ratko Davidovic
Batting: RHB Hui-ying Sun 0-0: Called Strike
0-1: Ball
1-1: Called Strike
1-2: Foul Ball, location: 2F
1-2: Ball
2-2: Foul Ball, location: 2F
2-2: Foul Ball, location: 2F
2-2: Foul Ball, location: 2F
2-2: Ball
3-2: Fly out, F8 (Flyball, 8LS)
Batting: LHB Alje de Gast 0-0: Fly out, F9 (Line Drive, 9D)
Batting: LHB Júlio Madrid 0-0: Called Strike
0-1: Swinging Strike
0-2: Foul Ball, location: 2F
0-2: Strikes out swinging
Top of the 1st over - 0 runs, 0 hits, 0 errors, 0 left on base; Richland 0 - Ft. Polk South 0
BOTTOM OF THE 1ST
Ft. Polk South Thunder Hawks batting - Pitching for Richland Rails : LHP Feltse van Horssen
Pitching: LHP Feltse van Horssen
Batting: LHB Augusto Reyes 0-0: Called Strike
0-1: Called Strike
0-2: Foul Ball, location: 2F
0-2: SOLO HOME RUN (Flyball, 9LD), Distance : 339 ft
Batting: RHB Ruggiero Veneziano 0-0: Ball
1-0: Ball
2-0: Fly out, F8 (Flyball, 8LS)
Batting: RHB Melvin Aikey 0-0: Ball
1-0: Called Strike
1-1: Foul Ball, location: 2F
1-2: Strikes out swinging
Batting: RHB Qu-bing Thien 0-0: Ground out 4-3 (Groundball, 4)
Bottom of the 1st over - 1 run, 1 hit, 0 errors, 0 left on base; Richland 0 - Ft. Polk South 1
TOP OF THE 2ND
Richland Rails batting - Pitching for Ft. Polk South Thunder Hawks : RHP Ratko Davidovic
Batting: RHB Carlos Muńóz 0-0: Called Strike
0-1: Ball
1-1: Foul Ball, location: 2F
1-2: Foul Ball, location: 2F
1-2: Foul Ball, location: 2F
1-2: Ball
2-2: DOUBLE (Flyball, 8LXD)
Batting: LHB Mike Zaugg 0-0: Called Strike
0-1: Ground out 4-3 (Groundball, 4)
Carlos Muńóz to third
Batting: RHB Bill Hill 0-0: Called Strike
0-1: Ball
1-1: Ball
2-1: SINGLE (Line Drive, 4)
Carlos Muńóz scores
Batting: LHB Jing-quo Sung 0-0: Ball
1-0: Called Strike
Bill Hill is caught stealing 2nd base
1-1: Ball
2-1: Fly out, F9 (Flyball, 9D)
Top of the 2nd over - 1 run, 2 hits, 0 errors, 0 left on base; Richland 1 - Ft. Polk South 1
BOTTOM OF THE 2ND
Ft. Polk South Thunder Hawks batting - Pitching for Richland Rails : LHP Feltse van Horssen
Batting: LHB Marc Ben 0-0: Ball
1-0: Ball
2-0: Called Strike
2-1: Swinging Strike
2-2: Foul Ball, location: 2F
2-2: Foul Ball, location: 2F
2-2: Ground out 6-3 (Groundball, 6)
Batting: RHB Pedro Larate 0-0: Called Strike
0-1: Foul Ball, location: 2F
0-2: Strikes out swinging
Batting: RHB Juan Mata 0-0: Swinging Strike
0-1: Ground out 6-3 (Groundball, 6)
Bottom of the 2nd over - 0 runs, 0 hits, 0 errors, 0 left on base; Richland 1 - Ft. Polk South 1
TOP OF THE 3RD
Richland Rails batting - Pitching for Ft. Polk South Thunder Hawks : RHP Ratko Davidovic
Batting: RHB Kelyn Diallo 0-0: Bunt for hit - play at first, batter OUT! 1-3
Batting: SHB Miguel González 0-0: Ball
1-0: Swinging Strike
1-1: Foul Ball, location: 2F
1-2: Ball
2-2: Strikes out swinging
Batting: RHB Hui-ying Sun 0-0: Ball
1-0: Ball
2-0: Ball
3-0: Base on Balls
Batting: LHB Alje de Gast 0-0: Called Strike
Hui-ying Sun steals 2nd base
0-1: Foul Ball, location: 2F
0-2: Foul Ball, location: 2F
0-2: Foul Ball, location: 2F
0-2: Strikes out swinging
Top of the 3rd over - 0 runs, 0 hits, 0 errors, 1 left on base; Richland 1 - Ft. Polk South 1
BOTTOM OF THE 3RD
Ft. Polk South Thunder Hawks batting - Pitching for Richland Rails : LHP Feltse van Horssen
Batting: SHB Dong-joo Yu 0-0: Ball
1-0: Ball
2-0: Fly out, F9 (Flyball, 89M)
Batting: LHB Jacky Koolen 0-0: Called Strike
0-1: Swinging Strike
0-2: Strikes out looking
Batting: LHB Augusto Reyes 0-0: Ball
1-0: Called Strike
1-1: Ground out 4-3 (Groundball, 4M)
Bottom of the 3rd over - 0 runs, 0 hits, 0 errors, 0 left on base; Richland 1 - Ft. Polk South 1
TOP OF THE 4TH
Richland Rails batting - Pitching for Ft. Polk South Thunder Hawks : RHP Ratko Davidovic
Batting: LHB Júlio Madrid 0-0: Ball
1-0: Ground out 6-3 (Groundball, 6MD)
Batting: RHB Carlos Muńóz 0-0: Called Strike
0-1: Ball
1-1: Fly out, F7 (Flyball, 7LS)
Batting: LHB Mike Zaugg 0-0: SINGLE (Groundball, 4MD)
Batting: RHB Bill Hill 0-0: Foul Ball, location: 2F
0-1: Called Strike
0-2: Strikes out looking
Top of the 4th over - 0 runs, 1 hit, 0 errors, 1 left on base; Richland 1 - Ft. Polk South 1
BOTTOM OF THE 4TH
Ft. Polk South Thunder Hawks batting - Pitching for Richland Rails : LHP Feltse van Horssen
Batting: RHB Ruggiero Veneziano 0-0: Ball
1-0: DOUBLE (Line Drive, 78M)
Batting: RHB Melvin Aikey 0-0: Called Strike
0-1: Swinging Strike
0-2: Fly out, F8 (Flyball, 89D)
Runner from 2nd tags up, SAFE at 3rd, no throw
Batting: RHB Qu-bing Thien 0-0: Called Strike
0-1: DOUBLE (Line Drive, 89D)
Ruggiero Veneziano scores
Batting: LHB Marc Ben 0-0: Foul Ball, location: 2F
0-1: Ground out U3 (Groundball, 34)
Qu-bing Thien to third
Batting: RHB Pedro Larate 0-0: Swinging Strike
0-1: Ball
1-1: Ball
2-1: SINGLE (Groundball, 56D)
Qu-bing Thien scores
Batting: RHB Juan Mata 0-0: Ball
1-0: Called Strike
1-1: Fly out, F9 (Flyball, 9LS)
Bottom of the 4th over - 2 runs, 3 hits, 0 errors, 1 left on base; Richland 1 - Ft. Polk South 3
TOP OF THE 5TH
Richland Rails batting - Pitching for Ft. Polk South Thunder Hawks : RHP Ratko Davidovic
Batting: LHB Jing-quo Sung 0-0: Ball
1-0: SINGLE (Line Drive, 7LS)
Batting: RHB Kelyn Diallo 0-0: Ball
1-0: Called Strike
1-1: 2-RUN HOME RUN (Line Drive, 78XD), Distance : 387 ft
Batting: SHB Miguel González 0-0: Called Strike
0-1: Ball
1-1: Ground out 1-3 (Groundball, P)
Batting: RHB Hui-ying Sun 0-0: Ground out 6-3 (Groundball, 6)
Batting: LHB Alje de Gast 0-0: Called Strike
0-1: Ball
1-1: Ball
2-1: Ball
3-1: Base on Balls
Batting: LHB Júlio Madrid 0-0: Ball
1-0: Called Strike
1-1: Ball
2-1: Ball
3-1: Ground out 6-3 (Groundball, 56)
Top of the 5th over - 2 runs, 2 hits, 0 errors, 1 left on base; Richland 3 - Ft. Polk South 3
BOTTOM OF THE 5TH
Ft. Polk South Thunder Hawks batting - Pitching for Richland Rails : LHP Feltse van Horssen
Batting: SHB Dong-joo Yu 0-0: Ball
1-0: Swinging Strike
1-1: Called Strike
1-2: Ball
2-2: Ball
3-2: Fly out, F7 (Flyball, 78S)
Batting: LHB Jacky Koolen 0-0: Fly out, F5 (Line Drive, 5S)
Batting: LHB Augusto Reyes 0-0: Ball
1-0: Ball
2-0: Called Strike
2-1: Foul Ball, location: 2F
2-2: Ball
3-2: Ground out 6-3 (Groundball, 6)
Bottom of the 5th over - 0 runs, 0 hits, 0 errors, 0 left on base; Richland 3 - Ft. Polk South 3
TOP OF THE 6TH
Richland Rails batting - Pitching for Ft. Polk South Thunder Hawks : RHP Ratko Davidovic
Batting: RHB Carlos Muńóz 0-0: Called Strike
0-1: Foul Ball, location: 2F
0-2: Ball
1-2: Fly out, F8 (Flyball, 8LD)
Batting: LHB Mike Zaugg 0-0: Called Strike
0-1: Foul Ball, location: 2F
0-2: Ball
1-2: Ground out 6-3 (Groundball, 6M)
Batting: RHB Bill Hill 0-0: Ball
1-0: Ground out 5-3 (Groundball, 56)
Top of the 6th over - 0 runs, 0 hits, 0 errors, 0 left on base; Richland 3 - Ft. Polk South 3
BOTTOM OF THE 6TH
Ft. Polk South Thunder Hawks batting - Pitching for Richland Rails : LHP Feltse van Horssen
Batting: RHB Ruggiero Veneziano 0-0: Ball
1-0: Ball
2-0: Ball
3-0: Base on Balls
Batting: RHB Melvin Aikey 0-0: Ball
1-0: Foul Ball, location: 2F
1-1: Fly out, F7 (Flyball, 78M)
Batting: RHB Qu-bing Thien 0-0: Called Strike
0-1: Grounds into double play, 6-4-3 (Groundball, 6)
Bottom of the 6th over - 0 runs, 0 hits, 0 errors, 0 left on base; Richland 3 - Ft. Polk South 3
TOP OF THE 7TH
Richland Rails batting - Pitching for Ft. Polk South Thunder Hawks : RHP Ratko Davidovic
Pitching: LHP Tzu-hsia Ong
Batting: LHB Jing-quo Sung 0-0: Called Strike
0-1: Ball
1-1: Swinging Strike
1-2: Hit by Pitch
Batting: RHB Kelyn Diallo 0-0: Ball
1-0: Called Strike
1-1: Swinging Strike
1-2: Ball
2-2: Ball
3-2: Base on Balls
Jing-quo Sung to second
Pinch Hitting: RHB Hsui-chuan Hong 0-0: Sac Bunt - play at first, batter OUT! 1-4
Jing-quo Sung to third
Kelyn Diallo to second
Batting: RHB Hui-ying Sun 0-0: Called Strike
0-1: Foul Ball, location: 2F
0-2: Foul Ball, location: 2F
0-2: Foul Ball, location: 2F
0-2: Foul Ball, location: 2F
0-2: Strikes out swinging
Batting: LHB Alje de Gast 0-0: Called Strike
0-1: Foul Ball, location: 2F
0-2: Ball
1-2: Ground out U3 (Groundball, 3D)
Top of the 7th over - 0 runs, 0 hits, 0 errors, 2 left on base; Richland 3 - Ft. Polk South 3
BOTTOM OF THE 7TH
Ft. Polk South Thunder Hawks batting - Pitching for Richland Rails : LHP Feltse van Horssen
Pitching: RHP Sammy Harmon
Now at 3B: Hsui-chuan Hong
Batting: LHB Marc Ben 0-0: Foul Ball, location: 2F
0-1: Ball
1-1: Swinging Strike
1-2: Ball
2-2: Ground out U3 (Groundball, 3)
Pinch Hitting: LHB Shohei Otani 0-0: Ball
1-0: Fly out, F8 (Flyball, 78D)
Batting: RHB Juan Mata 0-0: Ball
1-0: Ball
2-0: SINGLE (Groundball, 56D)
Pinch Hitting: LHB Yu Miao 0-0: Called Strike
0-1: Ball
1-1: Ball
2-1: 2-RUN HOME RUN (Flyball, 9D), Distance : 363 ft
Batting: LHB Jacky Koolen 0-0: Ball
1-0: Foul Ball, location: 2F
1-1: Foul Ball, location: 2F
1-2: Foul Ball, location: 2F
1-2: Foul Ball, location: 2F
1-2: DOUBLE (Line Drive, 7LD)
Batting: LHB Augusto Reyes 0-0: Fly out, F8 (Flyball, 8LM)
Bottom of the 7th over - 2 runs, 3 hits, 0 errors, 1 left on base; Richland 3 - Ft. Polk South 5
TOP OF THE 8TH
Richland Rails batting - Pitching for Ft. Polk South Thunder Hawks : LHP Tzu-hsia Ong
Now at 2B: Theo Wrighton
Now in CF: Yu Miao
Batting: LHB Júlio Madrid 0-0: Ball
1-0: Ball
2-0: Fly out, F8 (Flyball, 89D)
Batting: RHB Carlos Muńóz 0-0: Called Strike
0-1: Ball
1-1: Swinging Strike
1-2: Fly out, F3 (Popup, 3)
Batting: LHB Mike Zaugg 0-0: Ground out 5-3 (Groundball, 56S)
Top of the 8th over - 0 runs, 0 hits, 0 errors, 0 left on base; Richland 3 - Ft. Polk South 5
BOTTOM OF THE 8TH
Ft. Polk South Thunder Hawks batting - Pitching for Richland Rails : RHP Sammy Harmon
Batting: RHB Ruggiero Veneziano 0-0: Called Strike
0-1: Fly out, F6 (Popup, 6M)
Batting: RHB Melvin Aikey 0-0: Fly out, F3 (Popup, 3SF)
Batting: RHB Qu-bing Thien 0-0: Ball
1-0: Foul Ball, location: 2F
1-1: Ball
2-1: Foul Ball, location: 2F
2-2: Strikes out looking
Bottom of the 8th over - 0 runs, 0 hits, 0 errors, 0 left on base; Richland 3 - Ft. Polk South 5
TOP OF THE 9TH
Richland Rails batting - Pitching for Ft. Polk South Thunder Hawks : LHP Tzu-hsia Ong
Batting: RHB Bill Hill 0-0: Ball
1-0: Ball
2-0: Swinging Strike
2-1: Ground out 6-3 (Groundball, 6)
Batting: LHB Jing-quo Sung 0-0: Foul Ball, location: 2F
0-1: Foul Ball, location: 2F
0-2: Ball
1-2: Ground out 4-3 (Groundball, 4)
Batting: RHB Kelyn Diallo 0-0: Called Strike
0-1: Called Strike
0-2: Foul Ball, location: 2F
0-2: Ground out 5-3 (Groundball, 56)
Top of the 9th over - 0 runs, 0 hits, 0 errors, 0 left on base; Richland 3 - Ft. Polk South 5
Friday, March 29th, 2019 - OOTP Baseball 18.8 Build 76